 Dungeon Crawl Stone Soup version 0.31-a0-699-g830162fb6c (webtiles) character file.

Game seed: 1640464079160238697

153 qw the Shooter (level 5, -6/32 HPs)
             Began as a Gargoyle Hunter on Sept 7, 2023.
             Splashed by a jelly's acid (8 damage)
             ... on level 3 of the Dungeon.
             The game lasted 00:00:34 (1403 turns).

qw the Shooter (Gargoyle Hunter)                    Turns: 1403, Time: 00:00:35

Health: -6/32      AC:  3    Str: 14    XL:     5   Next: 35%
Magic:  5/5        EV: 11    Int: 10    God:
Gold:   94         SH:  0    Dex: 15    Spells: 4/4 levels left

rFire   . . .        Y - +0 shortbow
rCold   . . .        (shield currently unavailable)
rNeg    + . .        c - +0 leather armour
rPois   inf          (no helmet)
rElec   +            (no cloak)
rCorr   .            (no gloves)
SInv    .            (no boots)
Will    .....        (no amulet)
Stlth   ++           (no ring)
HPRegen 0.25/turn    (no ring)
MPRegen 0.09/turn

%: no passive effects
@: about to teleport, corroded
A: sickness immunity, AC +4, negative energy resistance 1, electricity
resistance, torment resistance 1, petrification resistance
a: no special abilities


You were on level 3 of the Dungeon.
You visited 1 branch of the dungeon, and saw 3 of its levels.

You collected 144 gold pieces.
You spent 50 gold pieces at shops.


Innate Abilities, Weirdness & Mutations

You are immune to sickness and miasma.
Your stone body is resilient. (AC +4)
You are immune to poison.
You resist negative energy. (rN+)
You are resistant to electric shocks. (rElec)
You are resistant to unholy torment.
You are immune to petrification.


   Skills:
 - Level 3.4 Fighting
 + Level 5.9 Ranged Weapons
 - Level 1.5 Dodging
 - Level 1.1 Stealth


You had 4 spell levels left.
You didn't know any spells.
Your spell library was empty.

Inventory:

Hand Weapons
 Y - a +0 shortbow (weapon)
Armour
 c - a +0 leather armour (worn)
Scrolls
 i - a scroll of identify
Potions
 d - a potion of might {unknown}
 f - a potion of curing {unknown}
 j - a potion of attraction {unknown}

Dungeon Overview and Level Annotations

Branches:
Dungeon (3/15)

Altars:
Fedhas

Shops:
D:2 ?

Annotations:
D:2 1 runed translucent door, Crazy Yiuf


Message History

You shoot an arrow. The arrow hits the kobold.
You kill the kobold!
You shoot an arrow. The arrow hits the orc!
You kill the orc!
A jelly comes into view.
You shoot an arrow. The jelly quivers.
The arrow hits the ball python!
You kill the ball python!
You shoot an arrow. The arrow hits the bat!
You kill the bat!
You shoot an arrow. The arrow hits the worm.
The worm is moderately wounded.
You shoot an arrow. The arrow hits the worm.
The worm is moderately wounded.
The worm closely misses you.
You shoot an arrow. The arrow hits the worm!
The worm is almost dead.
The worm barely misses you.
You shoot an arrow.
The arrow hits the worm but does no damage.
The worm is severely wounded.
The worm barely misses you.
You shoot an arrow. The arrow hits the worm.
The worm is severely wounded.
The jelly barely misses you.
You shoot an arrow. The arrow hits the worm!
You kill the worm!
The jelly barely misses you.
You shoot an arrow. The arrow hits the jelly.
The jelly is moderately wounded.
The jelly closely misses you.
You shoot an arrow. The arrow hits the jelly.
The jelly is heavily wounded.
The jelly hits you.
You are splashed with acid!
1403 ||| READING scroll of teleportation.
As you read the scroll of teleportation, it crumbles to dust.
You feel strangely unstable. The jelly hits you. The acid corrodes you!
You are splashed with acid!
You die...

########
#..$.!.#
#......#
#......#
#@%....#
.....)J%.....>#
.^...#.).#####.
.... #.... ...
#....) ..
....... #
....###. .#.[..
..


You could see a jelly.

Vanquished Creatures
  Ijyb (D:3)
  Natasha (thrice) (D:2)
  An adder (D:2)
  3 worms
  A dart slug (D:2)
  An orc (D:3)
  3 bats
  2 endoplasms (D:1)
  2 goblins
  4 hobgoblins
  4 jackals (D:1)
  3 quokkas
  3 ball pythons
  4 kobolds
  A rat (D:2)
36 creatures vanquished.

Notes
Turn   | Place    | Note
-------+----------+-------------------------------------------
     0 | D:1      | qw the Gargoyle Hunter began the quest for the Orb.
     0 | D:1      | Reached XP level 1. HP: 12/12 MP: 1/1
     0 | D:1      | 0 ||| qw: Version: 0.3-a-76-g4403597
     0 | D:1      | 0 ||| qw: Game counter: 424
     0 | D:1      | 0 ||| qw: Melee chars always use a shield: true
     0 | D:1      | 0 ||| qw: God list: Okawaru
     0 | D:1      | 0 ||| qw: Allow faded altars: false
     0 | D:1      | 0 ||| qw: Do Orc after clearing Dungeon:15 true
     0 | D:1      | 0 ||| qw: Do second Lair branch before Depths: true
     0 | D:1      | 0 ||| qw: Lair rune preference: random
     0 | D:1      | 0 ||| qw: Goals: Normal
     0 | D:1      | 0 ||| PLANNING D:1-11
   309 | D:1      | Reached XP level 2. HP: 15/17 MP: 2/2
   309 | D:1      | 309 ||| Stepping ~*~*~tactically~*~*~ (retreating).
   316 | D:1      | HP: 4/17 [jackal (2)]
   321 | D:1      | HP: 2/17 [jackal (2)]
   668 | D:1      | 668 ||| DROPPING scroll of butterflies.
   682 | D:2      | HP: 2/17 [worm (3)]
   687 | D:2      | HP: 2/17 [worm (2)]
   689 | D:2      | 689 ||| STAIRDANCE
   759 | D:2      | Noticed Natasha
   763 | D:2      | Killed Natasha
   764 | D:2      | Reached skill level 5 in Ranged Weapons
   764 | D:2      | Reached XP level 3. HP: 21/21 MP: 3/3
   938 | D:2      | Reached XP level 4. HP: 25/27 MP: 4/4
   977 | D:2      | Found a blossoming altar of Fedhas.
  1081 | D:2      | Noticed Natasha
  1089 | D:2      | Killed Natasha
  1090 | D:2      | Reached skill level 3 in Fighting
  1162 | D:2      | Found The Oracle's Delphic Readings.
  1166 | D:2      | 1166 ||| BUYING scroll of identify (20 gold).
  1166 | D:2      | Bought a scroll of identify for 20 gold pieces
  1166 | D:2      | 1166 ||| BUYING scroll of teleportation (30 gold).
  1166 | D:2      | Bought a scroll of teleportation for 30 gold pieces
  1283 | D:2      | Found a runed translucent door.
  1284 | D:2      | Noticed Crazy Yiuf
  1289 | D:2      | Noticed Natasha
  1294 | D:2      | 1294 ||| Stepping ~*~*~tactically~*~*~ (outnumbered).
  1296 | D:2      | Killed Natasha
  1297 | D:2      | Reached XP level 5. HP: 32/32 MP: 5/5
  1322 | D:2      | 1322 ||| READING 2 scrolls labelled LEIROXT FUGGOF.
  1323 | D:2      | 1323 ||| READING scroll labelled QAPNEETUYSS.
  1324 | D:2      | 1324 ||| READING scroll labelled SINKIUN LIOQA.
  1325 | D:2      | 1325 ||| DROPPING scroll of vulnerability.
  1368 | D:3      | Noticed Ijyb
  1380 | D:3      | Killed Ijyb
  1384 | D:3      | HP: 8/32 [goblin/+0 club (4)]
  1385 | D:3      | 1385 ||| READING 2 scrolls of teleportation.
  1402 | D:3      | HP: 3/32 [acid (9)]
  1403 | D:3      | 1403 ||| READING scroll of teleportation.
  1403 | D:3      | Splashed by a jelly's acid

Levels and vault maps discovered:
D:1:      dpeg_arrival_rhombi, layout_loops_ring, serial_park_tiny_pond
D:2:      layout_rooms, basic_altar, nicolae_nh_oracle_at_delphi, uniq_natasha,
          uniq_crazy_yiuf_cottage
D:3:      layout_basic, feat_on_display, uniq_ijyb

Skill      XL: |  1  2  3  4 |
---------------+-------------+-----
Ranged Weapons | 5 |  5.9
Fighting       | 3 |  3.4
Dodging        | |  1.5
Stealth        | |  1.1

Action                     |  1- 3 |  4- 6 || total
---------------------------+-------+-------++-------
   Fire: Shortbow          |    75 |    71 ||   146
    Use: Scroll            |       |     5 ||     5
 Armour: Leather armour    |    42 |    24 ||    66
  Dodge: Dodged            |    30 |    25 ||    55

Table legend:
 A = Non-vault XP
 B = Vault XP
 C = Vault XP percentage of total XP
 D = Non-vault monster count
 E = Vault monster count
 F = Vault count percentage of total count
                 A         B        C        D         E       F
            +---------+---------+-------+---------+---------+-------
      Total |     145 |      74 |  33.8 |      32 |       4 |  11.1
            +---------+---------+-------+---------+---------+-------
        D:1 |      23 |       0 |   0.0 |      12 |       0 |   0.0
        D:2 |     105 |      39 |  27.1 |      12 |       3 |  20.0
        D:3 |      17 |      35 |  67.3 |       8 |       1 |  11.1
            +---------+---------+-------+---------+---------+-------
